 Dungeon Crawl Stone Soup version 0.29.1-15-g9cfb28693d (webtiles) character file.

Game seed: 13474313516234607350

60 Kranky the Twirler (level 4, -7/32 HPs)
             Began as a Gnoll Wanderer on Apr 25, 2023.
             Splashed by a jelly's acid (8 damage)
             ... on level 3 of the Dungeon.
             The game lasted 00:03:24 (2410 turns).

Kranky the Twirler (Gnoll Wanderer)                 Turns: 2410, Time: 00:03:24

Health: -7/32      AC:  5    Str: 12    XL:     4   Next: 4%
Magic:  11/11      EV: 10    Int: 10    God:
Gold:   262        SH:  0    Dex: 14    Spells: 12/13 levels left

rFire   . . .      SeeInvis .   w - +0 long sword
rCold   . . .      Faith    .   (no shield)
rNeg    + . .      Spirit   .   e - +0 ring mail
rPois   .          Reflect  .   y - +2 helmet
rElec   .          Harm     .   k - +0 cloak
rCorr   .          Rampage  .   (no gloves)
Will    .....                   (no boots)
Stlth   +.........              (no amulet)
HPRegen 0.10/turn               p - ring of positive energy
MPRegen 0.12/turn               u - +4 ring of protection

@: corroded
A: fangs 1, strong nose, distributed training
a: no special abilities


You were on level 3 of the Dungeon.
You visited 1 branch of the dungeon, and saw 3 of its levels.

You collected 262 gold pieces.

Inventory:

Hand Weapons
 a - a +0 quarterstaff
 w - a +0 long sword (weapon)
Armour
 d - a +0 leather armour
 e - a +0 ring mail (worn)
 k - a +0 cloak (worn)
 y - a +2 helmet (worn)
Jewellery
 p - a ring of positive energy (left hand)
 u - a +4 ring of protection (right hand)
Wands
 s - a wand of roots (8)
 t - a wand of quicksilver (9)
 z - a wand of flame (6)
Scrolls
 f - a scroll of enchant weapon {unknown}
 h - a scroll of enchant armour {unknown}
 l - 6 scrolls of teleportation {unknown}
 m - 2 scrolls of amnesia {unknown}
 o - 4 scrolls of identify {unknown}
 q - a scroll of torment {unknown}
 x - a scroll of noise {unknown}
Potions
 c - a potion of haste
 g - a potion of berserk rage {unknown}
 i - 2 potions of curing {unknown}
 j - 2 potions of brilliance {unknown}
 n - 2 potions of heal wounds {unknown}
 r - a potion of mutation {unknown}
 v - a potion of attraction {unknown}
Miscellaneous
 b - a piece from Xom's chessboard (15/15)


   Skills:
 + Level 1.0 Fighting
 + Level 1.0 Short Blades
 + Level 1.0 Long Blades
 + Level 1.0 Axes
 + Level 1.0 Maces & Flails
 + Level 1.0 Polearms
 + Level 6.6 Staves
 + Level 1.0 Ranged Weapons
 + Level 1.0 Throwing
 + Level 1.0 Armour
 + Level 1.0 Dodging
 + Level 1.0 Stealth
 + Level 1.0 Shields
 + Level 1.0 Unarmed Combat
 + Level 5.0 Spellcasting
 + Level 0.8 Conjurations
 + Level 0.8 Hexes
 + Level 0.8 Summonings
 + Level 0.8 Necromancy
 + Level 0.8 Translocations
 + Level 0.8 Transmutations
 + Level 5.4 Fire Magic
 + Level 0.8 Ice Magic
 + Level 0.8 Air Magic
 + Level 0.8 Earth Magic
 + Level 0.8 Poison Magic
 + Level 1.1 Invocations
 + Level 4.6 Evocations


You had 12 spell levels left.
You knew the following spells:

 Your Spells              Type           Power      Damage    Failure   Level
a - Foxfire               Conj/Fire      32%        2x1d5     14%         1

Your spell library contained the following spells:

 Spells                   Type           Power      Damage    Failure   Level
 Scorch                   Fire           26%        2d6       9%          2
 Inner Flame              Hex/Fire       8%         N/A       41%         3
 Tukima's Dance           Hex            4%         N/A       73%         3
 Passage of Golubria      Tloc           4%         N/A       98%         4
 Yara's Violent Unravell  Hex/Tmut       2%         3d3       100%        5


Dungeon Overview and Level Annotations

Branches:
Dungeon (3/15)

Altars:
Xom

Annotations:
D:3 1 runed translucent door, Crazy Yiuf


Innate Abilities, Weirdness & Mutations

You have very sharp teeth.
Your uncanny sense of smell can sniff out nearby items.
Your experience applies equally to all skills.


Message History

An endoplasm and 2 jellies come into view.
The jelly hits the fungus.
The fungus begins to die.
The fungus is splashed with acid.
A jelly and 7 endoplasms come into view.
Found five bat skeletons, two rat skeletons and a scroll labelled OGYOMO XIMOS.
The endoplasm quivers. x2
There is an open door here.
You catch the helpless jelly completely off-guard!
You slash the jelly!
Your hands burn!
The jelly is heavily wounded.
The endoplasm quivers.
The jelly quivers.
The endoplasm quivers.
The jelly hits you but does no damage. The endoplasm barely misses you.
You hit the jelly but do no damage. The acid corrodes you!
Your hands burn!
You bite the jelly, but do no damage.
The jelly is heavily wounded.
The endoplasm quivers.
A nearby fungus withers and dies.
The jelly barely misses you. The jelly hits you but does no damage.
The endoplasm hits the fungus.
The fungus begins to die.
The endoplasm barely misses you.
The endoplasm hits the fungus.
The fungus begins to die.
The endoplasm attacks as you move away!
The endoplasm hits you but does no damage.
The jelly attacks as you move away! The jelly barely misses you.
Something hits the fungus. x2; The fungus is splashed with acid.
You hit the jelly.
Your hands burn!
The jelly is almost dead.
Something hits the fungus. x2; The fungus begins to die.
The fungus is splashed with acid.
The acid corrodes the fungus!
The jelly hits you.
You are splashed with acid!
Something hits the fungus.
The jelly hits you.
* * * LOW HITPOINT WARNING * * *
You are splashed with acid!
* * * LOW HITPOINT WARNING * * *
Something hits the fungus.
The fungus is splashed with acid.
Things that are here:
a +0 short sword; 5 stones; a kobold corpse The jelly attacks as you move away!
The jelly hits you.
* * * LOW HITPOINT WARNING * * *
The acid corrodes you!
You are splashed with acid!
You die...

###.# #..............
#.......##.##.#......
####### .............
###########.###..
#?.÷÷÷.##.####### #.....#
#÷PJ...#.#.#....#####.#.#
#J.÷...#.#.#.....##.#....
#.P..PP#.#'#......'......
#......#@#.....(..'......
#P.P.JP#J#........'......
#..JJJJ#J#.......##......
#..PPJ.J##......####.....
#......############......
####### #######.......
#.....))......
#.##.####.....
#...........>.


You could see a jelly and 2 endoplasms.

Vanquished Creatures
  An adder (D:2)
  An ufetubus (D:3)
  A worm (D:3)
  A dart slug (D:2)
  2 endoplasms
  A giant cockroach (D:1)
  3 goblins
  A hobgoblin (D:3)
  4 jackals (D:2)
  12 kobolds
  2 quokkas
  5 ball pythons
  3 bats (D:1)
  A rat (D:3)
38 creatures vanquished.

Vanquished Creatures (others)
  3 fungi (D:3)
  4 toadstools (D:3)
7 creatures vanquished.

Grand Total: 45 creatures vanquished

Notes
Turn   | Place    | Note
-------+----------+-------------------------------------------
     0 | D:1      | Kranky the Gnoll Wanderer began the quest for the Orb.
     0 | D:1      | Kranky set off with the following items: a +0 quarterstaff,
                  | a piece from Xom's chessboard (15/15), a potion of haste, a
                  | +0 leather armour; and the following spell memorised:
                  | Foxfire; and the following spells available to memorise:
                  | Scorch, Inner Flame.
     0 | D:1      | Reached XP level 1. HP: 13/13 MP: 6/6
   292 | D:1      | Reached XP level 2. HP: 19/19 MP: 7/7
   343 | D:1      | Found a faded altar of an unknown god.
   736 | D:2      | Reached skill level 5 in Spellcasting
   736 | D:2      | Reached XP level 3. HP: 11/25 MP: 7/9
  1477 | D:3      | Reached skill level 1 in Invocations
  1525 | D:3      | Found a runed translucent door.
  1526 | D:3      | Noticed Crazy Yiuf
  1540 | D:3      | Found a shimmering altar of Xom.
  1910 | D:3      | Reached skill level 1 in Fighting
  1910 | D:3      | Reached skill level 1 in Short Blades
  1910 | D:3      | Reached skill level 1 in Long Blades
  1910 | D:3      | Reached skill level 1 in Axes
  1910 | D:3      | Reached skill level 1 in Maces & Flails
  1910 | D:3      | Reached skill level 1 in Polearms
  1910 | D:3      | Reached skill level 1 in Ranged Weapons
  1910 | D:3      | Reached skill level 1 in Throwing
  1910 | D:3      | Reached skill level 1 in Armour
  1910 | D:3      | Reached skill level 1 in Dodging
  1910 | D:3      | Reached skill level 1 in Stealth
  1910 | D:3      | Reached skill level 1 in Shields
  1910 | D:3      | Reached skill level 1 in Unarmed Combat
  2329 | D:3      | Reached XP level 4. HP: 27/32 MP: 11/11
  2410 | D:3      | HP: 1/32 [jelly (2)]
  2410 | D:3      | Splashed by a jelly's acid

Illustrated notes

Levels and vault maps discovered:
D:1:      wheals_arrival_shading, layout_rooms,
          shapermc_ecumenical_altar_totnotflames
D:2:      layout_loops_ring
D:3:      cheibrodos_fertilizer, layout_basic, mainiacjoe_overflow_catwalk,
          minmay_quadrilaterals, uniq_crazy_yiuf_cottage

Skill      XL: |  1  2  3 |
---------------+----------+-----
Spellcasting   | 5 |  5.0
Invocations    | 1 |  1.1
Fighting       | 1 |  1.0
Short Blades   | 1 |  1.0
Long Blades    | 1 |  1.0
Axes           | 1 |  1.0
Maces & Flails | 1 |  1.0
Polearms       | 1 |  1.0
Ranged Weapons | 1 |  1.0
Throwing       | 1 |  1.0
Armour         | 1 |  1.0
Dodging        | 1 |  1.0
Stealth        | 1 |  1.0
Shields        | 1 |  1.0
Unarmed Combat | 1 |  1.0
Staves         | |  6.6
Conjurations   | |  0.8
Hexes          | |  0.8
Summonings     | |  0.8
Necromancy     | |  0.8
Translocations | |  0.8
Transmutations | |  0.8
Fire Magic     | |  5.4
Ice Magic      | |  0.8
Air Magic      | |  0.8
Earth Magic    | |  0.8
Poison Magic   | |  0.8
Evocations     | |  4.6

Action                   |  1- 3 |  4- 6 || total
-------------------------+-------+-------++-------
Melee: Quarterstaff      |    88 |       ||    88
       Bite              |    10 |     1 ||    11
       Long sword        |    23 |    10 ||    33
 Stab: Sleeping          |     1 |       ||     1
       Distracted        |       |     1 ||     1
Armor: Leather armour    |     7 |       ||     7
       Ring mail         |    48 |     6 ||    54
Dodge: Dodged            |    59 |     9 ||    68
